[Event "35th Roquetas Festival 2024"]
[Site "Roquetas de Mar"]
[Date "2024.01.03"]
[Round "3.17"]
[White "Alba Fernandez, Nicolas"]
[Black "Tejedor Fuente, Enrique"]
[Result "0-1"]
[ECO "E35"]
[WhiteElo "2123"]
[BlackElo "2395"]
[Annotator "RC"]
[PlyCount "48"]
[EventDate "2024.01.02"]
[EventType "swiss"]
[EventCountry "ESP"]
[SourceTitle "playchess.com"]
[Source "ChessBase"]
[SourceQuality "1"]
[TimeControl "5400+30"]

1. d4 Nf6 2. c4 e6 3. Nc3 Bb4 4. Qc2 d5 5. cxd5 exd5 6. Bg5 h6 7. Bh4 g5 8. Bg3 Ne4 9. e3 c5 10. dxc5 Qa5 11. Rc1 Nd7 12. Nge2 Ndxc5 13. a3 Bxc3+ 14. Nxc3 Bf5 15. b4 Qxa3 16. Nxd5 Rc8 17. Bc7 O-O 18. bxc5 Rxc7 19. Nxc7 Qa5+ 20. Ke2 Rd8 21. Kf3 g4+ 22. Kf4 Qxc7+ 23. Kxf5 Rd5+ 24. Kxg4 Qd7+ 0-1

[Event "35th Roquetas Festival 2024"]
[Site "Roquetas de Mar"]
[Date "2024.01.03"]
[Round "3.18"]
[White "Hompanera Lopez, Enrique"]
[Black "Camacho Collados, Jose"]
[Result "0-1"]
[ECO "A06"]
[WhiteElo "2032"]
[BlackElo "2381"]
[Annotator "RC"]
[PlyCount "78"]
[EventDate "2024.01.02"]
[EventType "swiss"]
[EventCountry "ESP"]
[SourceTitle "playchess.com"]
[Source "ChessBase"]
[SourceQuality "1"]
[TimeControl "5400+30"]

1. Nf3 d5 2. g3 Nd7 3. Bg2 e5 4. d3 Ngf6 5. O-O Bd6 6. Nc3 c6 7. e4 O-O 8. Nh4 Nb6 9. Nf5 Bxf5 10. exf5 h6 11. f4 exf4 12. Bxf4 Bxf4 13. Rxf4 Re8 14. Qd2 Qe7 15. Qf2 Rad8 16. g4 Qe5 17. Rf1 d4 18. Nd1 Rd7 19. h4 Qe2 20. g5 Nh5 21. Qxe2 Rxe2 22. Re4 Rxe4 23. dxe4 Nc4 24. b3 Ne5 25. Nb2 Ng3 26. Re1 Re7 27. Kf2 Nh5 28. Nd3 Nxd3+ 29. cxd3 Nf4 30. Bf1 hxg5 31. hxg5 g6 32. fxg6 Nxg6 33. Kg3 Re5 34. Kg4 Nf8 35. Kf4 Ra5 36. Bh3 Ng6+ 37. Kg3 Rxg5+ 38. Kf3 Ne5+ 39. Ke2 Rg3 0-1

[Event "35th Roquetas Festival 2024"]
[Site "Roquetas de Mar"]
[Date "2024.01.03"]
[Round "3.19"]
[White "Bernal Moro, Luis Javier"]
[Black "Castillo Rodriguez, Angel Luis"]
[Result "1/2-1/2"]
[ECO "A05"]
[WhiteElo "2370"]
[BlackElo "2055"]
[Annotator "RC"]
[PlyCount "122"]
[EventDate "2024.01.02"]
[EventType "swiss"]
[EventCountry "ESP"]
[SourceTitle "playchess.com"]
[Source "ChessBase"]
[SourceQuality "1"]
[TimeControl "5400+30"]

1. Nf3 Nf6 2. c4 b6 3. g3 Bb7 4. Bg2 g6 5. O-O Bg7 6. Nc3 O-O 7. d4 Ne4 8. Nxe4 Bxe4 9. Re1 c5 10. d5 d6 11. Bh3 Bxf3 12. exf3 Re8 13. f4 Bf6 14. Rb1 a6 15. Bf1 Nd7 16. a4 Nf8 17. Be3 Qd7 18. Qb3 Rab8 19. Red1 Qc7 20. Qd3 Nd7 21. b3 Rb7 22. Rd2 Nb8 23. Re1 Qd7 24. h4 Bg7 25. Kh2 Qd8 26. h5 Nd7 27. hxg6 hxg6 28. Bh3 Bf6 29. Rdd1 Kg7 30. Bg4 Rh8+ 31. Kg2 Qc7 32. Be2 Nf8 33. g4 Qd7 34. Rh1 Kg8 35. Rxh8+ Bxh8 36. Qe4 Rb8 37. Kg3 Re8 38. Qd3 Bg7 39. g5 Rd8 40. Bg4 Qe8 41. f5 Rb8 42. Re1 b5 43. axb5 axb5 44. Bf4 Qd8 45. cxb5 Rb7 46. Kg2 Qa5 47. Re3 Bd4 48. Rh3 Qxb5 49. Qg3 Ra7 50. Rh1 Ra2 51. Be3 Qxb3 52. Bxd4 Qxd5+ 53. Bf3 Qxd4 54. Rh4 Qd2 55. f6 exf6 56. gxf6 Nh7 57. Be4 Ng5 58. Rg4 Qe1 59. Bxg6 fxg6 60. Rxg5 Qe4+ 61. Kh2 Kf7 1/2-1/2

[Event "35th Roquetas Festival 2024"]
[Site "Roquetas de Mar"]
[Date "2024.01.03"]
[Round "3.20"]
[White "Schenderowitsch, Michael"]
[Black "Torres Rebolledo, Victor"]
[Result "1-0"]
[ECO "E18"]
[WhiteElo "2281"]
[BlackElo "2124"]
[Annotator "RC"]
[PlyCount "177"]
[EventDate "2024.01.02"]
[EventType "swiss"]
[EventCountry "ESP"]
[SourceTitle "playchess.com"]
[Source "ChessBase"]
[SourceQuality "1"]
[TimeControl "5400+30"]

1. d4 Nf6 2. c4 e6 3. Nf3 b6 4. g3 Bb7 5. Bg2 Be7 6. O-O O-O 7. Nc3 Na6 8. Re1 Ne4 9. Nxe4 Bxe4 10. Ne5 Bxg2 11. Kxg2 Bf6 12. Ng4 d5 13. Qa4 Nb8 14. Rd1 h5 15. Nxf6+ Qxf6 16. Bf4 Rc8 17. Rac1 Qf5 18. Qc2 Qxc2 19. Rxc2 Na6 20. a3 dxc4 21. Rxc4 c5 22. Ra4 Nc7 23. dxc5 bxc5 24. e4 Nb5 25. Rc4 f6 26. Be3 Rc6 27. Rxc5 Rxc5 28. Bxc5 Rc8 29. Be3 Rc4 30. Rd8+ Kh7 31. Kf3 a5 32. Ra8 a4 33. Ra5 Nd4+ 34. Bxd4 Rxd4 35. Rxh5+ Kg6 36. Rb5 Rd2 37. Ke3 Rc2 38. h4 e5 39. Rb4 Kh5 40. Kf3 Rd2 41. Rb8 Rc2 42. Rh8+ Kg6 43. h5+ Kg5 44. h6 gxh6 45. Rg8+ Kh5 46. Rb8 Kg5 47. Ke3 h5 48. Rb6 Kg4 49. Rb7 Kg5 50. Rb6 Kg4 51. Rb4 Kg5 52. Kf3 Rd2 53. Rb6 Rc2 54. Kg2 Re2 55. Rb4 Kg4 56. Rxa4 Rxb2 57. Ra6 Kg5 58. Ra8 Ra2 59. Kf3 h4 60. Rg8+ Kh6 61. gxh4 Rxa3+ 62. Kg4 Rb3 63. h5 Rb2 64. Rg6+ Kh7 65. Rxf6 Kg7 66. Kg5 Re2 67. h6+ Kh7 68. f3 Rf2 69. Kg4 Rf1 70. Re6 Rg1+ 71. Kh3 Rf1 72. Kg2 Ra1 73. Rxe5 Kxh6 74. Kg3 Kg6 75. Rc5 Kf6 76. Kf4 Ra6 77. Rd5 Ke6 78. Rh5 Ra4 79. Rh6+ Kf7 80. Kf5 Ra3 81. f4 Ra5+ 82. e5 Ke8 83. Rb6 Ra1 84. Kf6 Rh1 85. Rb8+ Kd7 86. e6+ Kc7 87. Rg8 Kd6 88. Rd8+ Kc7 89. e7 1-0

[Event "35th Roquetas Festival 2024"]
[Site "Roquetas de Mar"]
[Date "2024.01.03"]
[Round "3.21"]
[White "Ferro Martinez, Damian"]
[Black "Vingris, Mikelis"]
[Result "1/2-1/2"]
[ECO "B51"]
[WhiteElo "1858"]
[BlackElo "2248"]
[Annotator "RC"]
[PlyCount "127"]
[EventDate "2024.01.02"]
[EventType "swiss"]
[EventCountry "ESP"]
[SourceTitle "playchess.com"]
[Source "ChessBase"]
[SourceQuality "1"]
[TimeControl "5400+30"]

1. e4 c5 2. Nf3 d6 3. Bb5+ Nd7 4. c3 Ngf6 5. Qe2 e6 6. d4 cxd4 7. cxd4 Be7 8. Nc3 a6 9. Bd3 e5 10. O-O O-O 11. Be3 Ng4 12. Bd2 exd4 13. Nxd4 Nc5 14. Nd5 Ne5 15. Nxe7+ Qxe7 16. Bc2 Nc6 17. Nxc6 bxc6 18. Bc3 a5 19. Rfe1 Ne6 20. Rad1 Rd8 21. Qd3 Qh4 22. Re3 Nf4 23. Qd2 Ba6 24. Kh1 Ng6 25. Bxa5 Rd7 26. Bc3 d5 27. Qd4 f6 28. Bb3 Kh8 29. exd5 Qh5 30. Rde1 Ne5 31. f4 Ng4 32. Rh3 Qf5 33. d6 c5 34. Qd2 c4 35. Bc2 Qc5 36. Rxh7+ Kg8 37. h3 Rxd6 38. Qe2 Nf2+ 39. Kh2 Nd3 40. Rh5 Qc6 41. Rf1 Re8 42. Qg4 Bb7 43. b3 Qxg2+ 44. Qxg2 Bxg2 45. Bxd3 Rxd3 46. Kxg2 Rxc3 47. bxc4 Re2+ 48. Rf2 Rxf2+ 49. Kxf2 Rxc4 50. Kg3 Ra4 51. Rb5 Rxa2 52. Rb7 Kh7 53. Rc7 Ra1 54. Rb7 Rg1+ 55. Kf2 Rh1 56. Kg2 Rc1 57. Kg3 Kg6 58. Rb5 Kh6 59. Ra5 g6 60. Rb5 Rc3+ 61. Kg2 f5 62. Ra5 Rc7 63. Ra8 Rc2+ 64. Kg3 1/2-1/2

[Event "35th Roquetas Festival 2024"]
[Site "Roquetas de Mar"]
[Date "2024.01.03"]
[Round "3.22"]
[White "Valdats, Reinis"]
[Black "Deusa Ballesteros, Lucas"]
[Result "1/2-1/2"]
[ECO "B76"]
[WhiteElo "2143"]
[BlackElo "1887"]
[Annotator "NA RC"]
[PlyCount "71"]
[EventDate "2024.01.02"]
[EventType "swiss"]
[EventCountry "ESP"]
[SourceTitle "playchess.com"]
[Source "ChessBase"]
[SourceQuality "1"]
[TimeControl "5400+30"]

1. e4 c5 2. Nf3 d6 3. d4 cxd4 4. Nxd4 Nf6 5. Nc3 g6 6. Be3 Bg7 7. f3 O-O 8. Qd2 Nc6 9. O-O-O d5 10. exd5 Nxd5 11. Nxc6 bxc6 12. Bd4 e5 13. Bc5 Be6 14. Ne4 Re8 15. Bc4 Qc7 16. Kb1 Rad8 17. Qe1 h6 18. g4 Rd7 19. Rg1 Red8 20. Bb3 Nf4 21. Rxd7 Qxd7 22. Bxe6 Nxe6 23. Be3 Nf4 24. Bxf4 exf4 25. Rf1 Qd4 26. c3 Qd3+ 27. Ka1 Qc2 28. a3 Qxh2 29. Kb1 Rb8 30. Rf2 Qh4 31. Qd2 Rd8 32. Qxf4 f5 33. Ng3 Rf8 34. Re2 fxg4 35. Qxg4 Qxg4 36. fxg4 1/2-1/2

[Event "35th Roquetas Festival 2024"]
[Site "Roquetas de Mar"]
[Date "2024.01.03"]
[Round "3.23"]
[White "Merario Alarcon, Andres"]
[Black "Lazaro Azcutia, Miguel"]
[Result "1/2-1/2"]
[ECO "D35"]
[WhiteElo "2429"]
[BlackElo "2044"]
[Annotator "RC"]
[PlyCount "102"]
[EventDate "2024.01.02"]
[EventType "swiss"]
[EventCountry "ESP"]
[SourceTitle "playchess.com"]
[Source "ChessBase"]
[SourceQuality "1"]
[TimeControl "5400+30"]

1. d4 d5 2. c4 e6 3. Nc3 Nf6 4. cxd5 exd5 5. Bg5 c6 6. e3 h6 7. Bh4 Be7 8. Bd3 O-O 9. f3 b5 10. Nge2 Bb7 11. O-O a6 12. Rc1 Nbd7 13. Bb1 Rc8 14. Bf2 c5 15. dxc5 Bxc5 16. Nd4 Re8 17. Nce2 Ne5 18. b3 Qb6 19. Qd2 a5 20. Qb2 b4 21. Rfd1 Ba6 22. Ng3 Ned7 23. Ndf5 Bf8 24. e4 Qe6 25. exd5 Nxd5 26. Nd4 Qf6 27. Ne4 Qf4 28. g3 Rxc1 29. Rxc1 Qe5 30. f4 Qh5 31. Bc2 N7f6 32. Nxf6+ Nxf6 33. Bd1 Qh3 34. Bf3 Ng4 35. Bxg4 Qxg4 36. Qc2 Rc8 37. Qd1 Qd7 38. Rxc8 Bxc8 39. Qh5 Bb7 40. Qb5 Qc7 41. Be3 Qe7 42. Qd3 Ba8 43. Kf2 Qb7 44. Ke2 Qg2+ 45. Bf2 Qxh2 46. Qf5 Qg2 47. Qxa5 Qe4+ 48. Be3 Qg2+ 49. Bf2 Qe4+ 50. Be3 Qg2+ 51. Bf2 Qe4+ 1/2-1/2

[Event "35th Roquetas Festival 2024"]
[Site "Roquetas de Mar"]
[Date "2024.01.03"]
[Round "3.24"]
[White "Maldonado Mena, German"]
[Black "Garcia Fernandez, Victor"]
[Result "0-1"]
[ECO "A46"]
[WhiteElo "2074"]
[BlackElo "2366"]
[Annotator "RC"]
[PlyCount "166"]
[EventDate "2024.01.02"]
[EventType "swiss"]
[EventCountry "ESP"]
[SourceTitle "playchess.com"]
[Source "ChessBase"]
[SourceQuality "1"]
[TimeControl "5400+30"]

1. d4 Nf6 2. Nf3 d5 3. g3 c5 4. dxc5 e6 5. Bg2 Bxc5 6. O-O O-O 7. c4 Nc6 8. cxd5 exd5 9. Nbd2 Bb6 10. Nb3 d4 11. Bf4 Re8 12. Rc1 Bf5 13. Nc5 Bxc5 14. Rxc5 Be4 15. Rc1 Qd5 16. b3 Rad8 17. Rc4 h6 18. Ne1 Bxg2 19. Nxg2 Qh5 20. Re1 Qh3 21. f3 g5 22. Bc1 Rd5 23. Bb2 Ne5 24. Bxd4 Neg4 25. Qa1 Qxh2+ 26. Kf1 Rf5 27. Qb1 Qh1+ 28. Bg1 Nh2+ 29. Kf2 Nhg4+ 30. Kf1 Nh2+ 31. Kf2 Nfg4+ 32. Rxg4 Nxg4+ 33. Kf1 Nh2+ 34. Kf2 Ng4+ 35. Kf1 Qh3 36. Rd1 Ne5 37. Qe4 Rf6 38. Bxa7 Qe6 39. Bd4 Rg6 40. Qxb7 Nc6 41. Be3 f5 42. Qd7 Qxd7 43. Rxd7 Ne5 44. Ra7 Rd6 45. Kf2 Rc8 46. Ra5 Re6 47. Bd4 Nc6 48. Rc5 Ra8 49. Be3 Rxa2 50. Rd5 Rb2 51. Rd3 Nb4 52. Rd8+ Kf7 53. f4 Nc6 54. Rd3 Kg6 55. Rd5 Rxb3 56. g4 Ne7 57. Rc5 Rb4 58. Ra5 Rbe4 59. Rc5 Ra4 60. Rb5 Rf6 61. fxg5 hxg5 62. gxf5+ Nxf5 63. Rb6 Nxe3+ 64. Rxf6+ Kxf6 65. Nxe3 Ke5 66. Kf3 Ra3 67. Kf2 Ke4 68. Nc4 Rc3 69. Nd2+ Kf4 70. Nf1 Rh3 71. Kg2 Rh8 72. Ng3 Ke3 73. Kf1 Rf8+ 74. Kg1 Rf4 75. Kg2 Ra4 76. Kf1 Rg4 77. Nf5+ Ke4 78. Ne7 Ke5 79. Kf2 Ke6 80. Nc6 Rc4 81. Nd8+ Kd7 82. Nb7 Kc7 83. Na5 Rb4 0-1

[Event "35th Roquetas Festival 2024"]
[Site "Roquetas de Mar"]
[Date "2024.01.03"]
[Round "3.25"]
[White "Bru Rullo, Llatzer"]
[Black "Arce Gonzalez, Dario"]
[Result "1-0"]
[ECO "E24"]
[WhiteElo "2278"]
[BlackElo "2037"]
[Annotator "RC"]
[PlyCount "65"]
[EventDate "2024.01.02"]
[EventType "swiss"]
[EventCountry "ESP"]
[SourceTitle "playchess.com"]
[Source "ChessBase"]
[SourceQuality "1"]
[TimeControl "5400+30"]

1. d4 Nf6 2. c4 e6 3. Nc3 Bb4 4. a3 Bxc3+ 5. bxc3 c5 6. f3 O-O 7. e4 Ne8 8. f4 f5 9. e5 Qe7 10. Nf3 b6 11. a4 Nc6 12. d5 Na5 13. d6 Qd8 14. Bd3 Ba6 15. Nd2 g6 16. O-O Ng7 17. Nb3 Rb8 18. Nxa5 bxa5 19. Be3 Qc8 20. Be2 Rb2 21. Rb1 Rxb1 22. Qxb1 Qc6 23. Qc2 Rb8 24. Rb1 Rb6 25. Rb5 Bxb5 26. cxb5 Qc8 27. c4 Ne8 28. Qd2 Kf7 29. Qxa5 Nxd6 30. exd6 Rxd6 31. Qxa7 Qh8 32. Qxc5 Ke7 33. Qe5 1-0

[Event "35th Roquetas Festival 2024"]
[Site "Roquetas de Mar"]
[Date "2024.01.03"]
[Round "3.26"]
[White "Montesinos Diaz, Luis"]
[Black "Garijo Perez, Hugo"]
[Result "0-1"]
[ECO "B42"]
[WhiteElo "2050"]
[BlackElo "2270"]
[Annotator "RC"]
[PlyCount "61"]
[EventDate "2024.01.02"]
[EventType "swiss"]
[EventCountry "ESP"]
[SourceTitle "playchess.com"]
[Source "ChessBase"]
[SourceQuality "1"]
[TimeControl "5400+30"]

1. e4 c5 2. Nf3 e6 3. d4 cxd4 4. Nxd4 a6 5. Bd3 Bc5 6. Nb3 Ba7 7. c4 Nc6 8. Nc3 Nf6 9. O-O O-O 10. Qe2 d6 11. Be3 Nb4 12. Bxa7 Rxa7 13. Rad1 b6 14. Bb1 Rd7 15. f4 Qc7 16. a3 Nc6 17. g4 g6 18. Rd3 b5 19. cxb5 axb5 20. g5 Nh5 21. Rh3 b4 22. Rxh5 bxc3 23. Rh3 Qb6+ 24. Qf2 Qxb3 25. Qh4 f5 26. exf5 exf5 27. Rxc3 Qb6+ 28. Kg2 Bb7 29. Qe1 Re7 30. Qd2 Re2+ 31. Kf3 0-1

[Event "35th Roquetas Festival 2024"]
[Site "Roquetas de Mar"]
[Date "2024.01.04"]
[Round "4.1"]
[White "Stremavicius, Pijus"]
[Black "Grigoryan, Karen H."]
[Result "0-1"]
[ECO "C01"]
[WhiteElo "2393"]
[BlackElo "2643"]
[Annotator "TA"]
[PlyCount "62"]
[EventDate "2024.01.02"]
[EventType "swiss"]
[EventCountry "ESP"]
[SourceTitle "playchess.com"]
[Source "ChessBase"]
[SourceQuality "1"]
[TimeControl "5400+30"]

1. e4 e6 2. d4 d5 3. exd5 exd5 4. Nf3 Bd6 5. c4 Nf6 6. Nc3 dxc4 7. Bxc4 O-O 8. O-O Nc6 9. Bg5 h6 {[%emt 0:00:49] D20: Queen's Gambit Accepted: 3 e3 and 3 e4.} 10. Bh4 Bg4 11. h3 Bxf3 {[%emt 0:01:22] The position is equal.} 12. Qxf3 g5 {[%emt 0:00:31] was the old line (12...Nxd4).} 13. Bg3 Bxg3 ({Don't do} 13... Nxd4 14. Qd3 $16) 14. Qxg3 Qxd4 15. Bb3 Qf4 16. Qxf4 gxf4 17. Nd5 (17. Rfd1 $11) 17... Nxd5 $15 18. Bxd5 Nd4 {[%emt 0:01:09] [#]} 19. Rfd1 $146 ({Predecessor:} 19. Rad1 c5 20. Rfe1 Rfd8 21. Re5 Rd7 22. Rde1 Rad8 23. Bf3 Nxf3+ 24. gxf3 Rd2 25. Rxc5 Rxb2 {0-1 Schekachikhin,M (2321)-Westerberg,J (2497) Rilton Cup 45th 2015 (8)}) 19... c5 20. Bxb7 Rab8 21. Ba6 Rxb2 22. Rac1 Rd8 23. Bd3 Rd5 24. Kf1 {[%emt 0:04:55] [#]} (24. Rb1 $142 Rb6 25. Bc4) 24... f3 $1 $17 {[%emt 0:07:00] aiming for ...Ne2.} (24... Rxa2 $2 25. Bc4 $18) 25. gxf3 Rh5 {[%emt 0:00:50] Black is much more active.} (25... Rxa2 $2 26. Bc4 $18) 26. Be4 Rxh3 {[%emt 0:02:07] Strongly threatening ...Rh2.} ({Weaker is} 26... Rxa2 27. Ra1 Rxh3 28. Kg2 Rxa1 29. Rxa1) 27. Kg2 {[%emt 0:00:03] Inhibits Rh2+.} Rh5 28. Rb1 Rxa2 {[%emt 0:01:35] ...Rg5+ is the strong threat.} 29. Ra1 (29. f4 {was necessary.}) 29... Rg5+ $19 30. Kf1 Rb2 {[%emt 0:00:29] ( -> ...Ne2)} 31. Rxa7 $2 {[%emt 0:00:19] [#]} (31. Rdb1 $19 Rxb1+ 32. Rxb1) 31... Ne2 $1 {[%emt 0:01:53] Weighted Error Value: White=0.44/Black=0.01 (flawless)} 0-1

[Event "35th Roquetas Festival 2024"]
[Site "Roquetas de Mar"]
[Date "2024.01.04"]
[Round "4.2"]
[White "Sosa, Tomas"]
[Black "Habans Aguerrea, Javier"]
[Result "1-0"]
[ECO "B10"]
[WhiteElo "2554"]
[BlackElo "2368"]
[Annotator "TA"]
[PlyCount "195"]
[EventDate "2024.01.02"]
[EventType "swiss"]
[EventCountry "ESP"]
[SourceTitle "playchess.com"]
[Source "ChessBase"]
[SourceQuality "1"]
[TimeControl "5400+30"]

1. e4 c6 2. Nf3 d5 3. Nc3 dxe4 4. Nxe4 Nf6 5. Qe2 Nxe4 6. Qxe4 Nd7 7. c3 Nf6 8. Qc2 Bg4 9. Ne5 Bh5 10. Qb3 Qc7 11. d4 e6 12. g3 Be7 13. Bg2 O-O 14. O-O Rfd8 15. Re1 Qb6 16. Nc4 Qxb3 17. axb3 Nd5 18. b4 Kf8 19. h3 Bg6 20. Bd2 Bf6 21. Ra3 Be7 22. Bf3 a6 23. h4 Nxb4 $2 (23... h6 $11 {and Black stays safe.}) 24. cxb4 $18 Rxd4 25. Rc1 Rxd2 26. Nxd2 Bxb4 27. Nb3 Bxa3 28. bxa3 Rd8 29. Nc5 b6 30. Nxa6 Rd3 (30... c5 $16) 31. Bxc6 $18 Rxa3 32. Nb8 Ke7 33. Bg2 Rb3 34. Rc7+ Kd6 35. Rd7+ Kc5 36. Rd1 (36. Na6+ $18 Kb5 37. Nc7+ Kb4 38. g4) 36... Kb4 37. Nd7 b5 38. Ne5 Rb1 39. Rf1 ({Resist} 39. Rxb1+ $6 Bxb1 40. Nxf7 Kc3 $14) 39... Bc2 40. Nxf7 Kc3 41. Rxb1 Bxb1 42. Bh3 $2 ({White should try} 42. f4 $1 $16) 42... Bf5 $1 $11 43. g4 Be4 (43... Bc2 $11 {remains equal.} 44. g5 Bf5 45. Bxf5 exf5) 44. Nd6 $1 $16 Bd3 45. g5 e5 (45... b4 $2 46. Bxe6 Kd4 47. Nb7 $18) 46. Be6 b4 47. Kg2 b3 48. Bxb3 $1 Kxb3 49. Ne8 g6 50. Nf6 Kc4 51. Kg3 Kd4 52. Nxh7 Ke4 53. Nf6+ Kf5 54. Nd5 Ke6 55. Ne3 Be2 56. Ng4 Kf5 57. Nf6 (57. f3 $16) 57... Ke6 (57... Bd3 $11 {keeps the balance.}) 58. Ne4 Kf5 59. f3 Bd3 60. Nd6+ Ke6 61. Ne8 $1 Ke7 62. Nf6 Ke6 63. Kf2 Bb5 64. Ke3 Bc6 65. Ne4 Bd5 66. Kf2 Bc6 67. Kg3 Kf5 68. Nd6+ Ke6 69. Nc4 $1 Bd5 70. Ne3 Bc6 71. Kg4 Ke7 72. Nc4 Bd7+ 73. Kg3 Ke6 74. Ne3 Bc6 75. Kg4 Ke7 76. Ng2 Bd7+ 77. Kg3 Bc6 78. Ne1 Bb5 79. Nc2 Bc6 80. Nb4 Bb7 81. Nd3 Kd6 82. Ne1 Bc6 83. Nd3 ({White should play} 83. Kf2 $1 $16) 83... Bb5 (83... Bb7 $11) 84. Nf2 $16 Bc6 85. Ne4+ Ke7 86. Nf6 Kf7 87. Kg4 Bb7 88. Ne4 Bc8+ 89. Kg3 Bd7 90. Nf6 Bc6 91. Kg4 Bb7 $1 {[#]} 92. h5 (92. f4 $1 $16 ) 92... gxh5+ $11 93. Kxh5 Bxf3+ 94. Kh6 Bd1 95. Ne4 Ke6 96. g6 Kf5 $2 (96... Ke7 $11) 97. Nd2 Kf6 {[#]} 98. g7 $1 ({And not} 98. Ne4+ Ke7 $11) 1-0

[Event "35th Roquetas Festival 2024"]
[Site "Roquetas de Mar"]
[Date "2024.01.04"]
[Round "4.3"]
[White "Fernandez, Daniel Howard"]
[Black "Suarez Uriel, Adrian"]
[Result "0-1"]
[ECO "D85"]
[WhiteElo "2525"]
[BlackElo "2365"]
[Annotator "TA"]
[PlyCount "40"]
[EventDate "2024.01.02"]
[EventType "swiss"]
[EventCountry "ESP"]
[SourceTitle "playchess.com"]
[Source "ChessBase"]
[SourceQuality "1"]
[TimeControl "5400+30"]

1. d4 Nf6 2. c4 g6 3. Nc3 d5 4. cxd5 Nxd5 5. Na4 Bg7 6. Nf3 (6. e4 $5 Nb6 7. Nf3 $11) 6... Bf5 {[%emt 0:04:10] White must now prevent ...Nb4. D90: Grünfeld: 4 Nf3 Bg7 sidelines.} 7. Bd2 {[%emt 0:08:48] Prevents Nb4.} O-O 8. e3 Nc6 {[%emt 0:00:56] [#] The position is equal.} 9. Rc1 $146 (9. Bb5 $11) ({Predecessor:} 9. Bb5 Ncb4 10. Bxb4 Nxb4 11. O-O c6 12. Be2 Qa5 13. Nc5 b6 14. Nb3 Qa4 15. Qd2 {0-1 Narciso Dublan,M (2516)-Notkevich,B (2469) Barcelona Sant Marti op-A 19th 2017 (6)}) 9... e5 $15 10. dxe5 Nxe5 11. Nd4 (11. Be2 $15) 11... Bd3 $17 {[%emt 0:05:09] Black is more active.} 12. Qb3 Bxf1 13. Kxf1 b6 14. Nc3 Nf6 15. Nf3 Nfg4 {[%emt 0:16:48] ...Nxf3 would be deadly.} ({And not} 15... Nxf3 16. gxf3 Qe7 17. Kg2 $15) 16. Ne4 Re8 17. Qc2 (17. h3 $17 {was worth a try.} Nd3 {[%mdl 64] Discovered Attack} 18. Rc4 Rxe4 19. hxg4 Rxc4 20. Qxc4) 17... Nd3 $19 {[%emt 0:00:58][%mdl 64] Discovered Attack, Double Attack} 18. Rd1 (18. h3 $142 Nxc1 19. Bxc1) 18... Rxe4 {[%emt 0:04:01] Black is clearly winning.} 19. Be1 {[%emt 0:00:01] [#]} Rxe3 20. h3 {[%emt 0:00:07][%cal Oh3g4] [#]} Rxe1+ $1 {[%emt 0:06:32] White got outplayed after the opening.   Weighted Error Value: White=0.41/Black=0.03 (flawless)} 0-1

[Event "35th Roquetas Festival 2024"]
[Site "Roquetas de Mar"]
[Date "2024.01.04"]
[Round "4.4"]
[White "Alshameary Puente, Ismael"]
[Black "Korneev, Oleg"]
[Result "1/2-1/2"]
[ECO "D45"]
[WhiteElo "2317"]
[BlackElo "2474"]
[Annotator "TA"]
[PlyCount "46"]
[EventDate "2024.01.02"]
[EventType "swiss"]
[EventCountry "ESP"]
[SourceTitle "playchess.com"]
[Source "ChessBase"]
[SourceQuality "1"]
[TimeControl "5400+30"]

1. d4 d5 2. c4 c6 3. Nc3 Nf6 4. e3 e6 5. Nf3 Nbd7 6. Be2 Bd6 7. b3 O-O 8. Bb2 b6 {[%emt 0:01:17] D45: Semi-Slav: 5 e3.} 9. O-O Bb7 10. Bd3 Qe7 11. e4 {[%emt 0:24:20] [#] aiming for e5.} dxc4 12. bxc4 {[%emt 0:02:31] And now e5 would win.} e5 13. d5 Ba3 14. Bxa3 Qxa3 {[%emt 0:00:07] [#]} 15. Qb3 $146 {[%emt 0:00:47][%mdl 2048] White has good play.} ({Predecessor:} 15. Qc1 Qe7 16. Re1 Ne8 17. Qb2 Nd6 18. a4 Nc5 19. Bf1 cxd5 20. cxd5 f5 21. exf5 {0-1 Kozul,Z (2588)-Saric,I (2661) CRO-ch Porec 2014 (7)}) 15... Qe7 16. Rfe1 Nc5 17. Qa3 Ne8 (17... Rfd8 $11) 18. Na4 $16 {[%emt 0:04:51] White is more active.} f6 19. Rab1 Rf7 20. Rbd1 (20. Nxc5 $14 Qxc5 21. Qxc5 bxc5 22. Nd2) 20... Kf8 (20... Nxd3 $11 21. Qxd3 cxd5 22. exd5 Rc8) 21. Rb1 (21. Nxc5 $14 Qxc5 22. Qxc5+ bxc5 23. Rb1) 21... Kg8 (21... Nxd3 $11 22. Qxd3 Kg8) 22. Rbd1 (22. Nxc5 $16 Qxc5 23. Qxc5 bxc5 24. Rb3) 22... Kf8 (22... Nxd3 $11 23. Qxd3 cxd5 24. exd5 Rc8) 23. Rb1 (23. Nxc5 $14 Qxc5 24. Qxc5+ bxc5 25. Nd2) 23... Kg8 {Weighted Error Value: White=0.29 (precise) /Black=0.32} (23... Nxd3 $11 {keeps the balance.} 24. Qxd3 Kg8) 1/2-1/2

[Event "35th Roquetas Festival 2024"]
[Site "Roquetas de Mar"]
[Date "2024.01.04"]
[Round "4.5"]
[White "Del Prado Rodriguez, Xulio"]
[Black "Macias Pino, Diego"]
[Result "0-1"]
[ECO "A72"]
[WhiteElo "2294"]
[BlackElo "2456"]
[Annotator "RC"]
[PlyCount "64"]
[EventDate "2024.01.02"]
[EventType "swiss"]
[EventCountry "ESP"]
[SourceTitle "playchess.com"]
[Source "ChessBase"]
[SourceQuality "1"]
[TimeControl "5400+30"]

1. d4 Nf6 2. c4 e6 3. Nc3 c5 4. d5 exd5 5. cxd5 d6 6. e4 g6 7. Nf3 Bg7 8. Be2 O-O 9. Be3 Nbd7 10. O-O Ng4 11. Bf4 Nde5 12. Nxe5 Nxe5 13. Bg3 f5 14. f4 Nf7 15. exf5 Bxf5 16. Qd2 a6 17. a4 Qa5 18. Bh4 Qb4 19. g4 Bd7 20. Bg3 Rae8 21. Bf3 Bd4+ 22. Kh1 Be3 23. Qc2 Bxf4 24. Ne4 Ne5 25. Bxf4 Rxf4 26. Nxd6 Ref8 27. Be2 Nxg4 28. Nc4 Bf5 29. Qc3 Qxc3 30. bxc3 Nf2+ 31. Kg1 Be4 32. h4 Rxh4 0-1